 Dungeon Crawl Stone Soup version 0.29-a0-334-gb41bcbb86e (webtiles) character file.

Game seed: 16662847652150362785

1349 bande the Chopper (level 8, 0/49 HPs)
             Began as a Gargoyle Fighter on Apr 15, 2022.
             Was a Follower of Okawaru.
             Slain by a wight
             ... wielding a +4 morningstar
              (9 damage)
             ... on level 6 of the Dungeon.
             The game lasted 00:10:04 (5843 turns).

bande the Chopper (Gargoyle Fighter)                Turns: 5843, Time: 00:10:05

Health: 0/49       AC: 16    Str: 19    XL:     8   Next: 63%
Magic:  9/9        EV:  9    Int: 10    God:    Okawaru [*.....]
Gold:   255        SH:  5    Dex: 17    Spells: 7/7 levels left

rFire   x . .      SeeInvis .   a - +1 war axe
rCold   . . .      Faith    .   c - +0 buckler
rNeg    + + .      Spirit   .   b - +0 scale mail
rPois   ∞          Reflect  .   (no helmet)
rElec   +          Harm     .   l - +0 cloak
rCorr   .          Rampage  +   (no gloves)
Will    .....                   f - +1 pair of boots "Xunnagits" {Rampage rPois rF- Regen+}
Stlth   ..........              (no amulet)
HPRegen 0.96/turn               j - ring of positive energy
MPRegen 0.11/turn               s - +6 ring of dexterity

@: no status effects
A: sickness immunity, AC +5, negative energy resistance 1, electricity
resistance, torment resistance 1, petrification resistance
a: Renounce Religion, Heroism


You were on level 6 of the Dungeon.
You worshipped Okawaru.
Okawaru was aware of your devotion.
You visited 2 branches of the dungeon, and saw 7 of its levels.

You collected 255 gold pieces.

Inventory:

Hand Weapons
 a - a +1 war axe (weapon)
 r - a +0 morningstar
Armour
 b - a +0 scale mail (worn)
 c - a +0 buckler (worn)
 f - the +1 pair of boots "Xunnagits" (worn) {Rampage rPois rF- Regen+}
   (You acquired it on level 2 of the Dungeon)

   rF:        It makes you vulnerable to fire.
   rPois:     It protects you from poison.
   Regen:     It increases your rate of health regeneration.
   Rampage:   It bestows one free step when moving towards enemies.
 l - a +0 cloak (worn)
 u - a +0 plate armour
Jewellery
 j - a ring of positive energy (left hand)
 k - a ring of see invisible
 s - a +6 ring of dexterity (right hand)
Scrolls
 g - 3 scrolls of teleportation
 i - a scroll of fear
 m - 2 scrolls of identify
 q - a scroll of magic mapping
Potions
 d - a potion of might
 e - a potion of cancellation
 h - a potion of haste
 n - a potion of ambrosia
 o - a potion of flight
 p - a potion of curing
 t - a potion of attraction {unknown}


   Skills:
 + Level 5.2 Fighting
 + Level 6.9 Axes
 + Level 6.3 Armour
 + Level 4.3 Shields
 * Level 2.2 Invocations


You had 7 spell levels left.
You didn't know any spells.
Your spell library contained the following spells:

 Spells                   Type           Power      Damage    Failure   Level
 Apportation              Tloc           0%         N/A       80%         1
 Magic Dart               Conj           0%         1d3       80%         1
 Searing Ray              Conj           0%         2d4       90%         2
 Fulminant Prism          Conj/Hex       0%         3d6       100%        4
 Orb of Destruction       Conj           0%         9d5       100%        7
 Animate Skeleton         Necr           Unusable   N/A       N/A         1
 Summon Small Mammal      Summ           Unusable   N/A       N/A         1
 Summon Guardian Golem    Hex/Summ       Unusable   N/A       N/A         3
 Spellforged Servitor     Conj/Summ      Unusable   N/A       N/A         7

Dungeon Overview and Level Annotations

Branches:
Dungeon (6/15)             Temple (1/1) D:5

Altars:
Ashenzari
Gozag
Okawaru
Ru
Vehumet
Wu Jian
Zin
The Shining One

Shops:
D:5 *


Innate Abilities, Weirdness & Mutations

You are immune to sickness and miasma.
Your stone body is resilient. (AC +5)
You are immune to poison.
You resist negative energy. (rN+)
You are resistant to electric shocks. (rElec)
You are resistant to unholy torment.
You are immune to petrification.


Message History

You closely miss the wight. The wight hits you but does no damage.
The wight closely misses you.
You hit the wight but do no damage.
The wight is almost destroyed.
You hit the wight. The wight hits you but does no damage.
The wight barely misses you.
You closely miss the wight.
The wight is almost destroyed.
You hit the wight but do no damage. The wight closely misses you.
The wight hits you with a +4 morningstar!
You are too injured to fight recklessly!
You are too injured to fight recklessly!
You are too injured to fight recklessly!
You are too injured to fight recklessly!
You are too injured to fight recklessly!
You are too injured to fight recklessly!
You are too injured to fight recklessly!
You are too injured to fight recklessly!
You are too injured to fight recklessly!
You are too injured to fight recklessly!
Unknown command.
You hit the wight.
You destroy the wight!
Okawaru accepts your kill.
You can now gain great but temporary skills.
You barely miss the wight.
The wight hits you with a +4 morningstar!
* * * LOW HITPOINT WARNING * * *
You closely miss the wight.
The wight is almost destroyed.
The wight hits you with a +4 morningstar!
* * * LOW HITPOINT WARNING * * *
The wight closely misses you.
You closely miss the wight.
The wight is almost destroyed.
You block the wight's attack.
You closely miss the wight.
The wight is almost destroyed.
The wight hits you with a +4 morningstar!
You die...

### ### #.###.##
#.###......###
#..)@:.....#.###
#....z#..##.#....#
##...##..#.......#
###.#...........###
#.......#..........
##..................
##....##............
#...##.............
#....#..............


You could see a wight.

Vanquished Creatures
  An orc warrior (D:6)
  A sky beast (D:5)
  An ogre (D:4)
  A centaur (D:5)
  A phantom (D:4)
  A necrophage (D:6)
  2 scorpions
  2 wights (D:6)
  A howler monkey (D:6)
  2 gnoll shamans
  A jelly (D:5)
  3 hounds
  3 iguanas
  Jessica (D:3)
  2 orc wizards
  Natasha (twice) (D:3)
  5 gnolls
  11 adders
  A worm (D:4)
  A dart slug (D:2)
  7 orcs
  5 endoplasms
  2 giant cockroaches
  6 goblins
  5 hobgoblins
  2 jackals (D:1)
  7 kobolds
  2 quokkas
  12 ball pythons
  6 bats
  2 frilled lizards (D:2)
  4 rats
103 creatures vanquished.

Notes
Turn   | Place    | Note
-------+----------+-------------------------------------------
     0 | D:1      | bande the Gargoyle Fighter began the quest for the Orb.
     0 | D:1      | Reached XP level 1. HP: 14/14 MP: 1/1
   220 | D:1      | Reached XP level 2. HP: 19/19 MP: 2/2
   974 | D:2      | Reached XP level 3. HP: 23/23 MP: 3/3
  1279 | D:2      | Identified a scroll of acquirement
  1279 | D:2      | Acquired the +1 pair of boots "Xunnagits" {Rampage rPois
                  | rF- Regen+}
  1443 | D:2      | Reached XP level 4. HP: 28/28 MP: 4/4
  1764 | D:3      | Noticed Natasha
  1777 | D:3      | Killed Natasha
  1778 | D:3      | Reached XP level 5. HP: 24/33 MP: 5/5
  2000 | D:3      | Found an ornate altar of the Wu Jian Council.
  2002 | D:3      | Noticed Jessica
  2015 | D:3      | Killed Jessica
  2034 | D:3      | Found an opulent altar of Gozag.
  2392 | D:3      | Noticed Natasha
  2404 | D:3      | Killed Natasha
  2463 | D:3      | Found a glowing golden altar of the Shining One.
  2578 | D:4      | Noticed an ogre
  2585 | D:4      | Killed an ogre
  2586 | D:4      | Reached XP level 6. HP: 10/38 MP: 6/6
  3279 | D:4      | Reached skill level 5 in Axes
  3279 | D:4      | Reached XP level 7. HP: 44/44 MP: 7/7
  3341 | D:4      | Reached skill level 5 in Armour
  4380 | D:5      | Entered Level 5 of the Dungeon
  4493 | D:5      | Found Zin's Purification Station.
  4498 | D:5      | Found a glowing silver altar of Zin.
  4753 | D:5      | Reached XP level 8. HP: 48/48 MP: 8/8
  4770 | D:5      | Found a staircase to the Ecumenical Temple.
  4805 | Temple   | Entered the Ecumenical Temple
  4812 | Temple   | Became a worshipper of Warmaster Okawaru
  5393 | D:6      | Reached skill level 1 in Invocations
  5413 | D:6      | Reached skill level 5 in Fighting
  5840 | D:6      | Reached * piety under Okawaru
  5843 | D:6      | Slain by a wight

Illustrated notes

Levels and vault maps discovered:
D:1:      minmay_arrival_arboretum_small, layout_basic
D:2:      layout_basic
D:3:      layout_basic, mainiacjoe_overflow_catwalk, grunt_gozag_statues,
          tso_altar, kennysheep_generic_room_14, uniq_natasha, uniq_jessica
D:4:      layout_loops_corners, kennysheep_generic_room_8
D:5:      layout_basic, zin_purify, minmay_temple_entry_drinking_statues
D:6:      layout_cave_pools, overflow_temple_1_default, led_xom_imps,
          small_statue_intersection
Temple:   compressed_dpeg_triangle_lava_temple

Skill      XL: |  1  2  3  4  5  6  7  8 |
---------------+-------------------------+-----
Axes           | 2 3 4 5 6 |  6.9
Armour         | 4 5 6 |  6.3
Fighting       | 4 5 |  5.2
Shields        | 4 |  4.3
Invocations    | 2 |  2.2

Action                   |  1- 3 |  4- 6 |  7- 9 || total
-------------------------+-------+-------+-------++-------
Melee: War axe           |   109 |   133 |   120 ||   362
  Use: Scroll            |     2 |     7 |     5 ||    14
Armor: Scale mail        |    76 |    90 |    92 ||   258
Dodge: Dodged            |    44 |    73 |    68 ||   185
Block: Buckler           |    29 |    30 |    35 ||    94

Table legend: (Time is in decaauts)
 A = Elapsed time spent in this place.
 B = Non-inter-level travel time spent in this place.
 C = Inter-level travel time spent in this place.
 D = Time resting spent in this place.
 E = Time spent auto-exploring this place.
 F = Levels seen in this place.
 G = Mean time per level.
                   A        B        C        D        E       F      G
               +--------+--------+--------+--------+--------+-----+--------+
         Total |   5987 |   5686 |    301 |    789 |   3535 |   7 |  855.3 |
       Dungeon |   5967 |   5666 |    301 |    789 |   3535 |   6 |  994.5 |
        Temple |     19 |     19 |      0 |      0 |      0 |   1 |   19.0 |
               +--------+--------+--------+--------+--------+-----+--------+

Top non-repeatable levels by time:
     D:4: 1842 daAuts
     D:5: 1345 daAuts
     D:1: 911 daAuts
     D:2: 897 daAuts
     D:3: 849 daAuts
     D:6: 120 daAuts
  Temple: 19 daAuts
